Unix NetHack Version 3.7.0-89 Work-in-progress - last build Sep 24 2023 19:26:52 (48e034876007844a536bf88644040a71d2893410,branch:master). Game began 2023-09-12 03:22:54, ended 2023-09-27 15:47:08. horga, neutral male human Tourist ---------------- |..............+ ..............| ---------------- |..............| |..............| |..............| #...............| ##-..............| @r.r...f........| #-----.---------- # -------------|- #|.....>........| # ### #### ## #--------.------- # # # ### ### ### # # # # # ## ## # # ## # ### # # # ####### # #### # ### ### # # # # ### # # # ------.--------# --|---- # # -----# |....<........|# ###......-## ---|----- |)(.|# |...........^..# #### |.....| |.......| |(*.|# |.............| ### |.....| |....(..| |.[.-# |..............#### |.....| |..>....| |+..| |.............| |.....| |.......| ----- --------------- ------- --------- Horga the Rambler St:12 Dx:15 Co:14 In:10 Wi:8 Ch:17 Neutral Dlvl:2 $:1095 HP:0(12) Pw:2(2) AC:7 Xp:1/18 T:2001 Latest messages: H - an uncursed yellow gem. What do you want to wear? [*] Never mind. What do you want to wield? [- aqAI or ?*] A A - an uncursed runed dagger (weapon in hand). What do you want to put on? [J or ?*] ? Which ring-finger, Right or Left? [rl] l J - an uncursed diamond ring (on left hand). What do you want to remove? [J or ?*] ? You were wearing an uncursed diamond ring (on left hand). You climb up the stairs. The newt bites! You hit the newt. The newt bites! You miss the newt. The newt bites! The housecat bites the newt. The newt is killed! The housecat eats a newt corpse. You swap places with your housecat. You miss the kobold zombie. You destroy the kobold zombie! The newt bites! The newt bites! You hit the newt. The newt bites! You hear some noises in the distance. You kill the newt! You have a little trouble lifting Q - an orange potion. Your movements are slowed slightly because of your load. What do you want to drop? [$a-ce-uw-yABD-KMNPQ or ?*] + You don't have that object. What do you want to drop? [$a-ce-uw-yABD-KMNPQ or ?*] ? You drop an uncursed shining spellbook. Your movements are now unencumbered. You hit the sewer rat. The sewer rat bites! You hit the sewer rat. The sewer rat bites! You hit the sewer rat. The sewer rat just misses! The sewer rat bites! You miss the sewer rat. The sewer rat misses! You miss the sewer rat. The sewer rat bites! You miss the sewer rat. The sewer rat bites! You die... Do you want to see the dungeon overview? [ynq] (y) y Inventory: Coins $ - 1095 gold pieces Weapons q - 24 uncursed +2 darts (at the ready) I - 8 uncursed +0 darts named !C A - an uncursed +0 elven dagger (weapon in hand) a - a cursed -1 orcish dagger named cursed Armor m - an uncursed +0 Hawaiian shirt with a giant eel motif p - an uncursed +0 studded leather armor (being worn) Comestibles e - an uncursed slime mold c - an uncursed cream pie s - an uncursed fortune cookie b - an uncursed orange f - 3 uncursed tripe rations g - an uncursed tin of french fried newt meat h - an uncursed tin of spinach i - an uncursed egg P - 2 uncursed lichen corpses Scrolls w - an uncursed scroll of confuse monster r - an uncursed scroll of fire K - a blessed scroll of gold detection t - a blessed scroll of identify x - 3 uncursed scrolls of identify l - a blessed scroll of magic mapping o - 3 uncursed scrolls of magic mapping D - an uncursed scroll of punishment Potions y - an uncursed potion of booze j - 3 uncursed potions of extra healing Q - an uncursed potion of invisibility M - an uncursed potion of object detection G - a blessed potion of restore ability N - 2 uncursed potions of water named UC Rings J - an uncursed +2 ring of increase damage Wands E - an uncursed wand of cold named -1 (0:7) Tools k - an uncursed credit card n - an uncursed expensive camera (0:93) u - an uncursed mirror Gems/Stones H - an uncursed citrine stone B - 2 uncursed worthless pieces of black glass Horga the Tourist's attributes: Background: You were a Rambler, a level 1 male human Tourist. You were neutral, on a mission for The Lady who was opposed by Blind Io (lawful) and Offler (chaotic). You were in the Dungeons of Doom, on level 2. You entered the dungeon 2001 turns ago. You had 18 experience points, 2 more were needed to attain level 2. Basics: You had 0 out of 12 hit points. You had both energy points (spell power). Your armor class was 7. Your wallet contained 1095 zorkmids. Autopickup was on for '$?!/="*' plus thrown, with exceptions. Final Characteristics: Your strength was 12 (limit:18/100). Your dexterity was 15 (limit:18). Your constitution was 14 (limit:18). Your intelligence was 10 (limit:18). Your wisdom was 8 (limit:18). Your charisma was 17 (limit:18). Final Status: You were not hungry. You were unencumbered. You were wielding a dagger. You were unskilled in dagger. Final Attributes: You were fervently aligned. You were warded. You are dead. Miscellaneous: You never encountered a bones level. Total elapsed playing time was 20 minutes and 16 seconds. Major events: Turn 1: horga the neutral male human Tourist entered the dungeon 415: entered the Gnomish Mines 2001: killed by a sewer rat Vanquished creatures: a floating eye an acid blob a hobbit a giant rat 4 geckos 4 jackals a kobold a goblin 2 sewer rats 3 grid bugs 3 lichens 5 kobold zombies 9 newts 36 creatures vanquished. No species were genocided or became extinct. Voluntary challenges: You read items or engraved 2 times. You never engraved Elbereth. You never genocided any monsters. You never polymorphed an object. You never changed form. You used no wishes. Achievements: You entered the Gnomish Mines. You entered a shop. The Dungeons of Doom: levels 1 to 6 Level 1: Level 2: <- You were here. A general store. Stairs down to The Gnomish Mines. Final resting place for you, killed by a sewer rat. Level 3: An altar. Level 4: "vault" Some fountains. Level 5: A fountain. Level 6: The Gnomish Mines: Level 3: Game over: ---------- / \ / REST \ / IN \ / PEACE \ / \ | horga | | 1095 Au | | killed by a | | sewer rat | | | | | | 2023 | *| * * * | * _________)/\\_//(\/(/\)/\//\/|_)_______ Aloha horga the Tourist... You died in The Dungeons of Doom on dungeon level 2 with 414 points, and 1095 pieces of gold, after 2001 moves. You were level 1 with a maximum of 12 hit points when you died.